Map: Cerulean Fall LE

Players

GOStephano (Stephano) - Winner!

  • Race: Zerg Zerg
  • Spawn Location: 7:00

Bunny

  • Race: Terran Terran
  • League: Diamond
  • Spawn Location: 1:00

Event: HomeStory Cup XVIII

VOD

Have the link to the VOD?

Description

Time

  • Played on: Nov. 23, 2018, 12:07 p.m.
  • Length: 23:07
Show
View Real Time Build Order
Export as new Build Order

GOStephano Zerg - Winner!

Build Orders: Hatch First 

Get SALT Encoding   

  12  0:00  Drone  
  13  0:12  Overlord  
  13  0:18  Drone  
  14  0:31  Drone x2  
  16  0:48  Hatchery  
  15  0:51  Drone  
  15  0:55  Drone  
  17  0:58  Drone  
  18  1:08  Extractor  
  17  1:14  Spawning Pool  
  17  1:17  Drone  
  17  1:20  Drone  
  18  1:28  Drone  
  19  1:39  Drone  
  20  1:50  Drone  
  21  2:00  Queen x2  
  26  2:01  Zergling x4  
  27  2:11  Overlord  
  27  2:12  Drone  
  28  2:23  Hatchery  
  28  2:27  Drone  
  29  2:30  Drone  
  29  2:34  Drone x2  
  31  2:41  Queen  
  33  2:49  Overlord  
  33  2:52  Drone  
  33  2:55  Drone x2  
  36  3:09  Drone x2  
  36  3:10  Drone x4  
  42  3:13  Metabolic Boost  
  42  3:14  Overlord  
  42  3:19  Queen  
  44  3:30  Overlord  
  44  3:32  Queen  
  44  3:33  Drone  
  47  3:35  Drone  
  47  3:37  Drone x2  
  47  3:39  Drone  
  51  3:42  Drone  
  51  3:43  Zergling x2  
  51  3:47  Zergling x4  
  55  3:50  Drone x2  
  55  3:52  Overlord  
  57  3:56  Queen  
  57  4:00  Zergling x4  
  61  4:04  Drone x2  
  63  4:13  Drone x6  
  63  4:15  Spore Crawler  
  68  4:22  Spore Crawler  
  68  4:23  Drone x3  
  68  4:24  Spore Crawler  
  69  4:27  Drone x2  
  71  4:33  Queen, Evolution Chamber  
  71  4:34  Evolution Chamber  
  71  4:40  Overlord x2  
  71  4:46  Overlord  
  71  4:57  Overlord  
  71  4:58  Overlord  
  71  4:59  Queen  
  70  5:04  Zerg Ground Armor Level 1, Zerg Melee Weapons Level 1  
  72  5:08  Overlord  
  72  5:11  Zergling x2  
  72  5:12  Zergling x10  
  72  5:13  Overlord x2  
  78  5:15  Queen  
  78  5:19  Drone  
  78  5:20  Drone  
  82  5:21  Drone  
  82  5:22  Drone x2  
  85  5:30  Drone  
  85  5:31  Extractor  
  85  5:32  Extractor  
  85  5:33  Drone  
  85  5:34  Drone  
  86  5:36  Baneling Nest  
  78  5:50  Drone x9  
  78  5:56  Drone  
  88  5:58  Lair  
  88  6:01  Drone, Hatchery  
  88  6:03  Drone x3  
  91  6:10  Extractor  
  90  6:15  Drone x3  
  89  6:19  Hatchery  
  89  6:20  Zergling x12  
  89  6:24  Queen x2  
  97  6:30  Zergling x12  
  97  6:31  Baneling  
  97  6:32  Baneling x2  
  103  6:34  Zergling x2  
  104  6:40  Zergling x4  
  106  6:48  Zergling x10  
  107  6:58  Drone x4  
  110  7:03  Zerg Melee Weapons Level 2, Zerg Ground Armor Level 2  
  109  7:09  Drone x5  
  109  7:15  Spore Crawler  
  113  7:16  Centrifical Hooks  
  113  7:19  Spore Crawler  
  112  7:23  Zergling x12  
  118  7:35  Drone x3, Hatchery  
  120  7:37  Extractor  
  120  7:38  Infestation Pit, Hydralisk Den, Zergling x4  
  120  7:39  Extractor, Drone x3  
  120  7:40  Drone x2  
  120  7:41  Drone  
  124  7:45  Overlord  
  124  7:46  Overlord x2  
  124  8:00  Drone x6  
  124  8:03  Overlord  
  130  8:19  Hydralisk x12  
  125  8:24  Extractor  
  146  8:31  Hive  
  145  8:34  Overlord  
  145  8:38  Baneling x6  
  145  8:39  Zergling x2  
  145  8:40  Zergling x24  
  158  8:53  Hydralisk, Muscular Augments  
  160  8:58  Overlord x3  
  160  9:00  Baneling x4  
  158  9:14  Overseer, Overlord  
  158  9:15  Pneumatized Carapace  
  158  9:20  Overlord  
  158  9:22  Hydralisk x4  
  165  9:29  Zergling x36  
  180  9:36  Baneling x5  
  180  9:43  Zergling x22  
  184  9:51  Hydralisk x7  
  186  10:05  Grooved Spines  
  186  10:08  Hydralisk x4  
  194  10:15  Overlord  
  194  10:17  Zergling x6  
  194  10:18  Zergling x4  
  195  10:33  Overseer  
  195  10:40  Zergling x34  
  178  10:43  Hydralisk x5  
  178  10:48  Hatchery  
  179  10:50  Zergling x10  
  179  10:51  Zergling x2  
  152  10:58  Zergling x12  
  152  11:03  Hydralisk  
  147  11:06  Baneling x5  
  147  11:09  Baneling x4  
  147  11:10  Zergling x12  
  147  11:20  Zerg Ground Armor Level 3  
  147  11:21  Zerg Missile Weapons Level 1  
  147  11:29  Zergling x16  
  147  11:31  Zergling x2  
  147  11:32  Zergling x6  
  148  11:35  Zergling x6  
  141  11:49  Drone x6  
  144  11:56  Hatchery  
  144  12:01  Zergling x16, Baneling x6  
  142  12:05  Baneling x6  
  150  12:15  Hydralisk, Baneling  
  150  12:16  Hydralisk, Baneling x7  
  154  12:27  Zergling x2  
  154  12:28  Zergling x20  
  164  12:40  Hydralisk x4  
  167  12:55  Hatchery, Baneling x6  
  167  12:57  Zergling x2  
  167  12:58  Zergling x12  
  173  13:05  Zergling x12  
  170  13:13  Hydralisk x3  
  173  13:24  Hatchery  
  172  13:27  Overlord  
  172  13:31  Zerg Missile Weapons Level 2  
  172  13:36  Hatchery  
  172  13:37  Baneling x11  
  171  13:51  Zergling x22  
  182  14:09  Drone  
  184  14:10  Drone x3, Spine Crawler  
  184  14:11  Spine Crawler, Spore Crawler  
  183  14:18  Zergling x16, Baneling x8  
  180  14:40  Zergling x24  
  187  14:56  Zerg Melee Weapons Level 3  
  182  15:04  Spawning Pool  
  155  15:23  Hydralisk x15  
  166  15:39  Overseer x2  
  166  15:41  Drone x7  
  166  15:42  Drone x9  
  181  15:48  Drone x4  
  183  15:52  Zerg Missile Weapons Level 3  
  179  16:08  Hatchery  
  178  16:13  Hydralisk x8  
  178  16:15  Baneling x6  
  194  16:30  Zergling x28  
  191  16:37  Zergling x2  
  186  17:04  Zergling x8  
  186  17:07  Baneling x13  
  187  17:13  Baneling x6  
  187  17:20  Adrenal Glands  
  187  17:22  Overseer, Overlord  
  187  17:29  Overlord x2  
  187  17:40  Zergling x30  
  196  17:44  Overlord  
  196  17:50  Zergling x26  
  199  17:52  Zergling x2  
  199  17:53  Zergling x14  
  199  17:57  Overlord, Zergling x2  
  199  17:58  Zergling x6  
  193  18:00  Overlord x2  
  193  18:11  Baneling  
  193  18:12  Baneling x14  
  193  18:18  Hatchery  
  192  18:26  Baneling x10  
  192  18:27  Overseer  
  192  18:28  Overseer  
  192  18:29  Hatchery  
  191  18:40  Spore Crawler  
  188  18:49  Zergling x6  
  188  18:50  Zergling x18  
  199  19:02  Zergling x12  
  199  19:07  Zergling x2  
  199  19:08  Zergling x14  
  197  19:11  Overlord  
  197  19:13  Overseer  
  197  19:27  Overseer  
  195  19:44  Baneling x12  
  194  19:46  Hatchery  
  192  19:57  Viper x4  
  187  20:42  Hatchery  
  178  20:45  Overseer x2  
  178  20:48  Zergling x32  
  178  20:49  Extractor, Zergling x12  
  168  21:23  Hydralisk  
  168  21:24  Hydralisk x8  
  182  21:33  Zergling x22  
  179  21:50  Overseer  
  173  22:23  Hatchery, Zergling x2  
  173  22:24  Zergling x32  
  173  22:29  Hatchery  
  171  22:39  Hatchery  
  162  22:45  Zergling x4  
  162  22:46  Zergling x40  
Show
View Real Time Build Order
Export as new Build Order

Bunny Terran 

Build Orders: Liberator Opening, Reaper Expand 

Get SALT Encoding   

  12  0:01  SCV  
  13  0:13  SCV  
  14  0:17  Supply Depot  
  14  0:25  SCV  
  15  0:38  SCV  
  15  0:39  Barracks  
  16  0:43  Refinery  
  16  0:51  SCV  
  17  1:03  SCV  
  18  1:15  SCV  
  19  1:26  Reaper  
  19  1:27  Orbital Command  
  20  1:41  Command Center  
  20  1:52  Supply Depot, SCV  
  21  1:58  Marine  
  22  2:05  SCV  
  22  2:08  Factory  
  23  2:17  SCV  
  23  2:18  Refinery  
  23  2:21  Barracks Reactor  
  24  2:29  SCV  
  25  2:41  SCV  
  26  2:53  Starport, SCV, Orbital Command  
  27  3:05  Hellion x2, SCV  
  32  3:07  Barracks Tech Lab  
  32  3:11  Supply Depot  
  32  3:17  SCV  
  32  3:19  SCV  
  34  3:26  Hellion x2  
  38  3:29  SCV  
  38  3:31  SCV  
  40  3:36  Viking  
  40  3:39  Supply Depot  
  42  3:41  SCV  
  42  3:43  SCV  
  42  3:47  Hellion  
  42  3:48  Hellion  
  48  3:53  SCV  
  48  3:55  SCV  
  50  3:57  Liberator  
  50  4:10  Command Center  
  50  4:14  Stimpack  
  50  4:15  SCV  
  53  4:19  SCV  
  54  4:30  SCV  
  54  4:31  SCV  
  56  4:32  Barracks  
  56  4:34  Barracks  
  56  4:38  Marine  
  56  4:42  Factory Reactor  
  56  4:43  Engineering Bay x2  
  57  4:45  SCV  
  57  4:46  SCV  
  59  4:55  Supply Depot  
  59  4:58  SCV x2  
  59  4:59  Marine  
  62  5:09  Starport Reactor  
  62  5:14  Refinery  
  62  5:15  Refinery  
  62  5:17  Supply Depot, SCV x2  
  62  5:18  Supply Depot  
  64  5:21  Marine x2  
  64  5:23  Orbital Command  
  64  5:26  Marine  
  64  5:28  Factory Tech Lab  
  67  5:29  SCV x2  
  67  5:34  Terran Infantry Weapons Level 1  
  67  5:35  Terran Infantry Armor Level 1  
  69  5:36  Marine x2  
  69  5:41  SCV x2  
  73  5:43  Marine  
  73  5:44  Marine x2  
  73  5:47  Medivac x2  
  73  5:49  Orbital Command  
  80  5:50  Siege Tank  
  80  5:56  SCV x2  
  83  5:59  Supply Depot x2  
  83  6:01  Marine x3  
  83  6:02  Marine  
  84  6:08  SCV x2  
  84  6:10  Marine  
  77  6:19  Marine x3  
  77  6:20  Marine  
  77  6:22  Siege Tank, SCV  
  77  6:23  SCV x2  
  77  6:24  Combat Shield  
  87  6:27  Barracks  
  87  6:33  Supply Depot, Barracks  
  87  6:35  SCV x2  
  87  6:36  SCV  
  87  6:37  Armory  
  87  6:39  Marine, Refinery  
  91  6:40  Marine x2  
  91  6:43  Marine  
  91  6:44  Marine  
  95  6:50  Medivac x2  
  99  6:57  SCV x2  
  99  6:58  SCV  
  104  7:03  Supply Depot, Marine x3  
  104  7:04  Marine x2  
  108  7:09  SCV x2  
  108  7:10  Widow Mine, Factory  
  108  7:14  Supply Depot  
  109  7:16  Barracks Reactor  
  109  7:21  Marine  
  110  7:23  Marine  
  110  7:24  Marine x2  
  110  7:28  Marine, Barracks Reactor  
  110  7:29  Terran Infantry Weapons Level 2  
  112  7:30  Terran Infantry Armor Level 2  
  112  7:34  Widow Mine  
  112  7:36  SCV  
  112  7:37  SCV x2  
  117  7:39  Supply Depot, Marine  
  117  7:41  Terran Vehicle And Ship Armor Level 1  
  118  7:44  Drilling Claws  
  118  7:50  Marine x4  
  122  7:57  Widow Mine, Factory Reactor  
  117  8:03  Medivac x2  
  117  8:05  Marine x5  
  126  8:08  Marine  
  126  8:11  Marine  
  126  8:12  Supply Depot  
  128  8:19  Widow Mine, Marauder, Marine  
  132  8:22  Marine  
  132  8:23  Marine x4, Concussive Shells  
  132  8:25  Barracks  
  132  8:26  Barracks  
  138  8:33  Widow Mine  
  138  8:34  Widow Mine  
  141  8:36  Medivac x2  
  141  8:37  Marine x3  
  141  8:40  Widow Mine, Marine  
  151  8:45  Barracks  
  150  8:53  Marine x5  
  150  8:55  Marine x2  
  155  8:57  Widow Mine  
  155  9:01  Supply Depot  
  157  9:04  Supply Depot  
  157  9:06  Widow Mine, Marauder  
  161  9:11  Medivac x2  
  165  9:20  Barracks Reactor  
  165  9:21  Barracks Tech Lab  
  165  9:22  Marine x4  
  165  9:23  Widow Mine x2  
  173  9:26  Marine  
  173  9:28  Widow Mine, Marauder, Marine  
  173  9:29  Marine x2  
  181  9:44  Marine x2, Medivac x2  
  180  9:48  Marine  
  181  9:53  Marine x2, Marauder  
  181  9:54  Marine x2  
  181  9:55  Marine x2  
  181  9:56  Supply Depot  
  179  10:02  Marine x2  
  181  10:08  Supply Depot  
  181  10:10  Command Center  
  181  10:11  Terran Infantry Weapons Level 3  
  176  10:14  Medivac x2  
  176  10:15  Marauder  
  176  10:18  Terran Infantry Armor Level 3  
  176  10:20  Marine x3  
  185  10:23  Barracks Tech Lab  
  185  10:35  Widow Mine  
  187  10:41  Unknown  
  162  10:44  Marauder  
  162  10:45  Marine  
  162  10:46  Marine x7  
  162  10:47  Marauder x2  
  167  10:52  Marine  
  167  10:56  Marine  
  148  11:03  Marine, Medivac x2  
  148  11:04  Marine x7  
  148  11:05  Marauder  
  148  11:08  Marauder  
  148  11:09  Marauder  
  148  11:10  Marine  
  160  11:15  Unknown  
  155  11:19  Marine  
  155  11:21  Marine x3  
  155  11:22  Marine  
  143  11:36  Widow Mine x2  
  140  11:43  Marauder x2  
  140  11:44  Marine x10, Marauder  
  153  11:52  Medivac  
  153  11:54  Unknown  
  153  11:59  Planetary Fortress  
  148  12:01  Widow Mine, Marine  
  148  12:02  Widow Mine, Marine x3  
  148  12:04  Medivac  
  148  12:08  Marauder x2  
  162  12:14  Marine  
  162  12:15  Marine x4  
  167  12:18  Marine  
  167  12:20  Marauder  
  167  12:22  Widow Mine  
  172  12:28  Medivac  
  172  12:29  Marauder  
  176  12:34  Medivac  
  160  12:41  Marauder x2  
  156  12:46  Sensor Tower  
  156  12:51  Marauder, Marine  
  158  12:52  Marine x7  
  158  12:53  Marine  
  158  12:56  Widow Mine x2  
  170  13:02  Marauder x2  
  166  13:06  Marine  
  166  13:09  Marine x4  
  166  13:10  Medivac x2  
  173  13:17  Marauder  
  173  13:19  Marine  
  173  13:20  Marine x3  
  173  13:22  Widow Mine x3  
  173  13:23  Marauder  
  183  13:28  Marauder, Marine  
  183  13:31  Marine x2  
  188  13:39  Marauder  
  180  13:48  Medivac x2  
  180  13:50  Marauder  
  180  13:52  Marine x3, Command Center  
  180  13:54  Marine x2  
  191  13:57  Marine x2  
  191  14:02  Widow Mine x2  
  197  14:13  Marauder  
  199  14:31  Marine  
  198  14:40  Medivac  
  200  14:54  Liberator x2  
  180  15:12  Widow Mine  
  180  15:13  Widow Mine x2  
  181  15:14  Marine  
  181  15:15  Marine x8  
  171  15:24  Marauder x3  
  173  15:30  Marine  
  173  15:32  Marine x3  
  173  15:33  Marine x4  
  173  15:34  Widow Mine x3  
  183  15:37  Liberator  
  183  15:41  Marine  
  184  15:43  Terran Ship Weapons Level 1  
  184  15:46  Starport, Refinery, Fusion Core  
  184  15:48  Refinery  
  182  15:53  Marine  
  182  15:54  Marine x4  
  182  15:55  Widow Mine x2  
  182  15:56  Widow Mine, Marauder x2  
  199  16:12  Planetary Fortress  
  198  16:27  Marauder  
  198  16:28  Marauder  
  198  16:29  Unknown x4  
  198  16:30  Marine x6  
  198  16:32  Widow Mine x2  
  194  16:33  Medivac  
  194  16:37  Widow Mine, Medivac  
  194  16:39  Starport Tech Lab  
  195  16:42  Marine x4  
  195  16:46  Liberator x2  
  198  16:51  Marine x5  
  200  17:03  Cloaking Field  
  200  17:07  Starport  
  200  17:08  Marauder x2  
  200  17:09  Marine x4  
  200  17:10  Marine x2  
  200  17:12  Marine x4  
  200  17:27  Ghost Academy  
  200  17:30  Refinery x2  
  200  17:38  Liberator x2  
  200  17:40  Marine x5, Marauder x3  
  199  17:44  Unknown x2  
  199  17:50  Marine  
  182  17:54  Medivac x2  
  182  17:56  Marine x2  
  182  17:57  Marine x2  
  163  18:01  Marauder x2  
  163  18:02  Widow Mine x2  
  169  18:07  Liberator x2  
  169  18:21  Terran Ship Weapons Level 2  
  175  18:37  Liberator  
  175  18:38  Marauder x2, Marine x5  
  175  18:39  Marine  
  175  18:40  Marine, Command Center  
  175  18:42  Marine x2  
  175  18:46  Widow Mine  
  175  18:49  Advanced Ballistics  
  175  18:51  Liberator  
  178  19:23  Marauder  
  180  19:26  Marauder x2  
  180  19:29  Marine x8  
  190  19:36  Widow Mine x2  
  174  19:41  Marine x2  
  174  19:44  Marauder  
  175  19:46  Marine  
  175  19:47  Marauder x2  
  168  19:57  Liberator x2  
  162  20:03  Marine x4  
  162  20:04  Marine x3  
  162  20:06  Marauder  
  171  20:07  Marine  
  171  20:08  Marine x2, Marauder  
  171  20:09  Marauder  
  181  20:16  Unknown  
  181  20:20  Unknown, Orbital Command  
  183  20:44  Marauder x2, Marine  
  183  20:45  Marine x7  
  183  20:46  Marine  
  179  21:14  Marine, Marauder  
  179  21:16  Marine x5  
  179  21:17  Marine x4  
  118  21:25  Medivac  
  118  21:26  Medivac x2  
  118  21:27  Marine x2, Medivac  
  128  21:36  Marauder, Marine x7  
  135  21:42  Marine x3  
  135  21:45  Marauder  
  140  21:48  Marine  
  140  21:54  Marine x4  
  142  21:56  Widow Mine x2  
  142  21:57  Widow Mine  
  142  22:01  Orbital Command  
  148  22:05  Marauder, Marine x2  
  148  22:06  Marauder x2  
  156  22:10  Marine x4  
  146  22:24  Marine x4  
  146  22:26  Marauder  
  146  22:28  Marauder x2  
  159  22:31  Marine  
  147  22:39  Marine  
  147  22:40  Marine x4  
  147  22:41  Marine  
  116  22:45  Unknown x4  
  116  22:47  Marine  
  116  22:48  Marine  
Tags
 
Add a new tag
Caveats
  • Supply blocks, unpowered buildings, or Contaminate may cause inaccurate times.
  • Supply counts are checked every 10 seconds.